 Dungeon Crawl Stone Soup version 0.28.0-53-g5a82cb258f (webtiles) character file.

Game seed: 10731580082185532685

100 Infinimo the Skirmisher (level 4, 0/48 HPs)
             Began as an Ogre Gladiator on May 26, 2022.
             Succumbed to an adder's poison
             ... on level 2 of the Dungeon.
             The game lasted 00:02:05 (2219 turns).

Infinimo the Skirmisher (Ogre Gladiator)            Turns: 2219, Time: 00:02:06

Health: 0/48       AC:  3    Str: 18    XL:     4   Next: 73%
Magic:  4/4        EV: 10    Int: 11    God:
Gold:   20         SH:  0    Dex: 10    Spells: 3/3 levels left

rFire   . . .      SeeInvis .   a - +0 flail
rCold   . . .      Faith    .   (no shield)
rNeg    . . .      Spirit   .   b - +0 robe
rPois   .          Reflect  .   c - +0 hat
rElec   .          Harm     .   (no cloak)
rCorr   .          Rampage  .   (gloves unavailable)
Will    .....                   (boots unavailable)
Stlth   +.........              (no amulet)
HPRegen 0.16/turn               (no ring)
MPRegen 0.09/turn               (no ring)

@: lethally poisoned (0 -> -1)
A: large, unfitting armour, tough skin 1
a: no special abilities


You were on level 2 of the Dungeon.
You visited 1 branch of the dungeon, and saw 2 of its levels.

You collected 20 gold pieces.

Inventory:

Hand Weapons
 a - a +0 flail (weapon)
Missiles
 d - 3 throwing nets (quivered)
Armour
 b - a +0 robe (worn)
 c - a +0 hat (worn)
Jewellery
 h - an amulet of magic regeneration
Scrolls
 g - a scroll of identify {unknown}
 i - a scroll of enchant weapon {unknown}
Potions
 e - a potion of cancellation


   Skills:
 + Level 3.9 Fighting
 * Level 3.8 Maces & Flails
 - Level 2.0 Throwing
 + Level 3.3 Dodging


You had 3 spell levels left.
You didn't know any spells.
Your spell library contained the following spells:

 Spells                   Type           Power      Damage    Failure   Level
 Sandblast                Erth           0%         2d4       34%         1
 Passwall                 Tmut/Erth      0%         N/A       47%         2
 Stone Arrow              Conj/Erth      0%         3d7       71%         3


Dungeon Overview and Level Annotations

Branches:
Dungeon (2/15)

Altars:

Shops:
D:1 (


Innate Abilities, Weirdness & Mutations

You are too large for most types of armour.
You have tough skin. (AC +1)


Message History

You feel sick. The adder bites you.
* * * LOW HITPOINT WARNING * * *
You are lethally poisoned!
The adder poisons you! The adder closely misses you.
You hit the adder but do no damage.
The adder is almost dead.
* * * LOW HITPOINT WARNING * * *
You feel very sick. The adder bites you.
* * * LOW HITPOINT WARNING * * *
The adder bites you.
* * * LOW HITPOINT WARNING * * *
You are more poisoned.
The adder poisons you!
It was a potion of cancellation.
You feel magically purged.
* * * LOW HITPOINT WARNING * * *
You feel very sick. The adder bites you but does no damage.
It was a potion of heal wounds.
You feel much better.
You feel sick. The adder bites you.
* * * LOW HITPOINT WARNING * * *
You sock the adder!
You kill the adder!
* * * LOW HITPOINT WARNING * * *
You feel very sick.
* * * LOW HITPOINT WARNING * * *
You feel sick.
There is a lethal amount of poison in your body!
There is a lethal amount of poison in your body!
* * * LOW HITPOINT WARNING * * *
You feel sick.
* * * LOW HITPOINT WARNING * * *
You feel sick.
* * * LOW HITPOINT WARNING * * *
You feel sick.
* * * LOW HITPOINT WARNING * * *
You feel sick.
* * * LOW HITPOINT WARNING * * *
You feel sick.
You die...

#.# #.# #.# $#.# #.#
#.##.#.# #.#
########.#....#
######.##########...
.......
#.....<........ ...
..... ###
#.####..####### #.#
#.(# #.. #.# #..#
#####.######..# #..
#.#
#..#####...@........†#
#.. ..#
#....†.......#######.#
#.. #)# #........#####
#.#####.. #.#
##.####### #.....#..
#.# #.# ####..'.. ..#
#.# #.##.. #.# #.#
#..#.. #.## #.# ####..
.#.## #.#
#############..


There were no monsters in sight!

Vanquished Creatures
  5 adders
  A worm (D:2)
  2 dart slugs
  3 bats
  3 endoplasms
  2 giant cockroaches (D:1)
  4 hobgoblins
  6 jackals (D:1)
  4 kobolds
  A quokka (D:1)
  4 ball pythons
  6 frilled lizards
  2 goblins (D:1)
  7 rats
50 creatures vanquished.

Notes
Turn   | Place    | Note
-------+----------+-------------------------------------------
     0 | D:1      | Infinimo the Ogre Gladiator began the quest for the Orb.
     0 | D:1      | Reached XP level 1. HP: 22/22 MP: 1/1
   194 | D:1      | Found Meashryp's Weapon Shop.
   200 | D:1      | Reached XP level 2. HP: 29/31 MP: 2/2
   735 | D:1      | Reached XP level 3. HP: 36/37 MP: 3/3
  1264 | D:2      | Found a faded altar of an unknown god.
  1439 | D:2      | Reached XP level 4. HP: 16/46 MP: 4/4
  2217 | D:2      | HP: 2/48 [poisoned by an adder]
  2219 | D:2      | Succumbed to an adder's poison

Illustrated notes

Levels and vault maps discovered:
D:1:      giann_forest_graveyard, layout_loops_corners, serial_shops, shop
D:2:      layout_loops_ring, nicolae_ecumenical_oubliette, st_stairs_8,
          kennysheep_path_1

Skill      XL: |  1  2  3 |
---------------+----------+-----
Fighting       | 3 |  3.9
Maces & Flails | 3 |  3.8
Dodging        | 3 |  3.3
Throwing       | |  2.0

Action                   |  1- 3 |  4- 6 || total
-------------------------+-------+-------++-------
Melee: Flail             |    94 |    53 ||   147
       Punch             |     1 |     1 ||     2
  Use: Scroll            |     3 |       ||     3
       Potion            |       |     2 ||     2
Armor: Robe              |    26 |    24 ||    50
Dodge: Dodged            |    61 |    35 ||    96
